 Dungeon Crawl Stone Soup version 0.31.0-32-g396128a36d (webtiles) character file.

Game seed: 732858746987025863

58 PaiMei the Grave Robber (level 3, -1/26 HPs)
             Began as a Demonspawn Necromancer on Apr 11, 2024.
             Slain by Natasha (5 damage)
             ... on level 2 of the Dungeon.
             The game lasted 00:02:22 (2735 turns).

PaiMei the Grave Robber (Demonspawn Necromancer)    Turns: 2735, Time: 00:02:23

Health: -1/26      AC:  5    Str:  8    XL:     3   Next: 75%
Magic:  6/6        EV: 12    Int: 17    God:
Gold:   69         SH:  0    Dex: 13    Spells: 3/7 levels left

rFire   . . .        m - +1 spear (freeze)
rCold   . . .        (no shield)
rNeg    + . .        a - +0 robe
rPois   .            o - +0 helmet
rElec   .            c - +0 cloak
rCorr   +            (no gloves)
SInv    .            e - +0 pair of boots
Will    .....        (no amulet)
Stlth   ++           k - ring of resist corrosion
HPRegen 0.24/turn    l - ring of positive energy
MPRegen 0.10/turn

%: no passive effects
@: no status effects
A: demonic guardian 1
a: no special abilities


You were on level 2 of the Dungeon.
You visited 1 branch of the dungeon, and saw 2 of its levels.

You collected 69 gold pieces.

Inventory:

Hand Weapons
 g - a +0 dagger
 m - a +1 spear of freezing (weapon)
Armour
 a - a +0 robe (worn)
 c - a +0 cloak (worn)
 e - a +0 pair of boots (worn)
 o - a +0 helmet (worn)
Jewellery
 k - a ring of resist corrosion (left hand)
 l - a ring of positive energy (right hand)
 p - a +6 ring of dexterity
 q - a ring of poison resistance
Scrolls
 d - 2 scrolls of teleportation {unknown}
 h - a scroll of fear {unknown}
 j - 2 scrolls of enchant armour {unknown}
 n - a scroll of noise {unknown}
Potions
 b - a potion of magic
 f - a potion of enlightenment {unknown}
 i - a potion of attraction {unknown}


   Skills:
 + Level 1.1 Fighting
 + Level 2.3 Dodging
 - Level 2.0 Stealth
 + Level 2.5 Spellcasting
 + Level 4.9 Necromancy


You had 3 spell levels left.
You knew the following spells:

 Your Spells              Type           Power      Damage    Failure   Level
a - Necrotise             Necr           72%        1d7       2%          1
b - Vampiric Draining     Necr           18%        2d7       8%          3

Your spell library contained the following spells:

 Spells                   Type           Power      Damage    Failure   Level
 Ensorcelled Hibernation  Hex/Ice        4%         N/A       28%         2
 Passwall                 Erth           2%         N/A       50%         3
 Swiftness                Air            2%         N/A       50%         3
 Animate Dead             Necr           18%        N/A       24%         4
 Curse of Agony           Necr           18%        N/A       56%         5


Dungeon Overview and Level Annotations

Branches:
Dungeon (2/15)

Altars:

Annotations:
D:2 Natasha, Sigmund


Innate Abilities, Weirdness & Mutations

A weak demonic guardian rushes to your aid.


Message History

The dart slug writhes in agony.
The dart slug launches a dart at you. The slug dart hits you.
Casting: Necrotise (safe; 2% risk of failure)
Confirm with . or Enter, or press ? or * to list all spells.
Aiming: Necrotise (safe; 2% risk of failure)
Press: ? - help, Shift-Dir - straight line, f/p - dart slug
Aim: a dart slug (almost dead, chance to affect: 88%)
The dart slug writhes in agony.
You kill the dart slug!
HP restored.
Sigmund is nearby!
Sigmund shouts!
You pick up a book of Burglary and begin reading...
You add the spells Ensorcelled Hibernation, Swiftness and Passwall to your library.
Sigmund says, "I'm your fate." Sigmund casts a spell at you.
You resist with significant effort.
Sigmund gestures wildly while chanting.
Sigmund flickers and vanishes!
Deactivating autopickup; reactivate with Ctrl-A.
A puff of flame appears from out of thin air!
The puff of flame hits you!
A demonic guardian appears!
Natasha hisses angrily.
Natasha howls an incantation.
Natasha's front paws start to glow.
Natasha closely misses you.
You closely miss Natasha. Natasha claws you.
You hit Natasha but do no damage. Natasha claws you.
You closely miss Natasha.
Natasha casts a spell.
Your white imp hits Natasha.
Your white imp freezes Natasha.
You barely miss Natasha.
Natasha is moderately wounded.
Natasha claws you!
* * * LOW HITPOINT WARNING * * *
Your white imp gestures at Natasha.
The puff of frost misses Natasha.
Natasha claws you.
You die...
Natasha curls up and begins to purr.

######## #### . #......#
##..############### ##.
#...<..###..........#......# #..
#......##..................####.#
#......##...........[...........#
#.......#.....................#..
........)...................#####
............................#
............(.5h@...........# ##
....###.........5...........# #.
.... #..#####.............## ##@
<... #####.##..>..>........###..
... b..#...................
#.PP#........#########..
#...#........###...###.. .
#........# ..... #.. #P
#........#########..


You could see Natasha (ally target), a cerulean imp (summoned) and a friendly
white imp (summoned).

Vanquished Creatures
  Robin (D:2)
  An adder (D:2)
  2 dart slugs (D:2)
  A ball python (D:1)
  2 endoplasms
  A giant cockroach (D:1)
  8 goblins
  6 hobgoblins
  2 kobolds
  2 quokkas (D:1)
  A bat (D:1)
  A frilled lizard (D:1)
  A rat (D:1)
29 creatures vanquished.

Vanquished Creatures (collateral kills)
  A goblin (D:1)
1 creature vanquished.

Grand Total: 30 creatures vanquished

Notes
Turn   | Place    | Note
-------+----------+-------------------------------------------
     0 | D:1      | PaiMei the Demonspawn Necromancer began the quest for the
                  | Orb.
     0 | D:1      | Reached XP level 1. HP: 13/13 MP: 3/3
   355 | D:1      | Gained mutation: A weak demonic guardian rushes to your
                  | aid. [demonic ancestry]
   355 | D:1      | Reached XP level 2. HP: 19/19 MP: 3/5
  1385 | D:2      | Reached XP level 3. HP: 25/25 MP: 1/6
  1545 | D:2      | Learned a level 3 spell: Vampiric Draining
  1558 | D:2      | Noticed Sigmund
  1558 | D:2      | Noticed Natasha
  1619 | D:2      | Noticed Robin
  2610 | D:2      | Killed Robin
  2611 | D:2      | Reached skill level 1 in Fighting
  2735 | D:2      | Slain by Natasha

Illustrated notes

Levels and vault maps discovered:
D:1:      dpeg_arrival_short_road, layout_loops_ring, minmay_octomino_e4
D:2:      layout_rooms, serial_aquarium, aquarium_bridge_straight
          [aquarium_subvault_bridge, aquarium_subvault_wall,
          aquarium_subvault_bridge, aquarium_subvault_wall], aquarium_window_1,
          aquarium_window_3, aquarium_view_2d, aquarium_view_2f, uniq_robin,
          uniq_crazy_yiuf_cottage, uniq_sigmund, uniq_natasha

Skill      XL: |  1  2  3 |
---------------+----------+-----
Stealth        | 2 |  2.0
Dodging        | 2 |  2.3
Fighting       | 1 |  1.1
Spellcasting   | |  2.5
Necromancy     | |  4.9

Action                     || total
---------------------------++-------
  Melee: Unarmed           ||     2
         Spear             ||    10
   Cast: Necrotise         ||    73
 Armour: Robe              ||    47
  Dodge: Dodged            ||    39
